 Dungeon Crawl Stone Soup version 0.26.0-10-g1f06aea511 (webtiles) character file.

Game seed: 4784803843915695169

44 Borgoz the Ducker (level 3, -7/30 HPs)
             Began as a Ghoul Gladiator on Jan 15, 2021.
             Mangled by a gnoll
             ... wielding a +0 halberd
              (8 damage)
             ... on level 2 of the Dungeon.
             The game lasted 00:01:23 (664 turns).

Borgoz the Ducker (Ghoul Gladiator)                  Turns: 664, Time: 00:01:23

Health: -7/30      AC:  7    Str: 17    XL:     3   Next: 62%
Magic:  2/2        EV: 12    Int:  3    God:
Gold:   42         SH:  0    Dex: 11    Spells: 2/2 levels left

rFire    . . .     SeeInvis .   a - +0 long sword
rCold    + . .     Faith    .   (no shield)
rNeg     + + +     Spirit   .   e - +0 ring mail
rPois    ∞         Reflect  .   c - +0 helmet
rElec    .         Harm     .   (no cloak)
rCorr    .         Rampage  .   g - +0 pair of gloves
Will     .....                  (no boots)
Stlth    +.........             (no amulet)
HPRegen  0.00/turn              (no ring)
MPRegen  0.08/turn              (no ring)

@: no status effects
A: claws 1, cold resistance 1, negative energy resistance 3, inhibited
regeneration, torment resistance, unbreathing
a: no special abilities


You were on level 2 of the Dungeon.
You visited 1 branch of the dungeon, and saw 2 of its levels.

You collected 42 gold pieces.

Inventory:

Hand Weapons
 a - a +0 long sword (weapon)
Missiles
 d - 3 throwing nets (quivered)
Armour
 c - a +0 helmet (worn)
 e - a +0 ring mail (worn)
 g - a +0 pair of gloves (worn)
Scrolls
 b - a scroll of magic mapping {unknown}
 f - a scroll of identify {unknown}
 i - a scroll of teleportation {unknown}


   Skills:
 + Level 2.6 Fighting
 * Level 3.2 Long Blades
 - Level 1.7 Throwing
 + Level 1.0 Armour
 * Level 3.2 Dodging


You had 2 spell levels left.
You didn't know any spells.
Your spell library was empty.

Dungeon Overview and Level Annotations

Branches:
Dungeon (2/15)

Altars:

Annotations:
D:2 Terence


Innate Abilities, Weirdness & Mutations

You thrive by killing the living.
You are immune to poison.
You have sharp fingernails.
Your flesh is cold resistant. (rC+)
You are immune to negative energy. (rN+++)
You do not regenerate when monsters are visible.
You are immune to unholy pain and torment.
You can survive without breathing.


Message History

You kill the hobgoblin!
You feel better. The goblin hits you with a +0 dagger.
* * * LOW HITPOINT WARNING * * *
Terence completely misses you.
Unknown command.
You aren't carrying any potions.
Okay, then.
Terence closely misses you.
You hear a zap.
You hear a grinding noise.
The gnoll hits you from afar with a +0 halberd.
* * * LOW HITPOINT WARNING * * *
You see here a +0 club.
You hear a zap.
Some rock shatters into small pieces.
You hear a zap.
Some rock shatters into small pieces.
There is a stone staircase leading up here.
The goblin closely misses you.
The gnoll hits you from afar with a +0 halberd!
You die...

.............
.................#
#................# ..
#................# ...
................##
...###................#.
........................
.........#......@.......
..........#.##.g........
..........#.##g.........
...##...g.l)lg..........
#..@.....g...........
#........##.........#
#..)..#.#..............
.......................<
............##.........


You could see 3 gnolls, a leopard gecko and a goblin.

Vanquished Creatures
  2 adders (D:2)
  A dart slug (D:1)
  3 bats
  A giant cockroach (D:1)
  4 goblins
  5 hobgoblins
  2 jackals (D:1)
  A kobold (D:1)
  2 frilled lizards (D:1)
  2 rats (D:1)
23 creatures vanquished.

Vanquished Creatures (others)
  4 plants (D:2)
4 creatures vanquished.

Grand Total: 27 creatures vanquished

Notes
Turn   | Place    | Note
-------+----------+-------------------------------------------
     0 | D:1      | Borgoz the Ghoul Gladiator began the quest for the Orb.
     0 | D:1      | Reached XP level 1. HP: 17/17 MP: 0/0
   144 | D:1      | Reached XP level 2. HP: 6/25 MP: 1/1
   584 | D:2      | Reached XP level 3. HP: 29/30 MP: 2/2
   593 | D:2      | Reached skill level 1 in Armour
   633 | D:2      | Noticed Terence
   656 | D:2      | HP: 1/30 [gnoll/+0 halberd (1)]
   664 | D:2      | Mangled by a gnoll

Illustrated notes

Levels and vault maps discovered:
D:1:      ebering_trefoil_3fold, layout_basic
D:2:      cheibrodos_old_hovel, layout_rooms, lemuel_doored_altar, uniq_terence

Skill      XL: |  1  2  3 |
---------------+----------+-----
Long Blades    | 3 |  3.2
Dodging        | 3 |  3.2
Armour         | 1 |  1.0
Fighting       | |  2.6
Throwing       | |  1.7

Action                   || total
-------------------------++-------
Melee: Long sword        ||    72
  Use: Potion            ||     1
Armor: Leather armour    ||     6
       Ring mail         ||    41
Dodge: Dodged            ||    86
       Rpst.: Long sword ||    22
